[Event "ICC tourney 2816 (20 5)"]
[Site "Internet Chess Club"]
[Date "2022.02.05"]
[Round "1"]
[White "HONG, HUNTER:hunterhong"]
[Black "Gomorev, Tim:timmygm"]
[Result "1-0"]
[ICCResult "Black resigns"]
[WhiteElo "947"]
[BlackElo "1083"]
[Opening "Sicilian"]
[ECO "B50"]
[NIC "SI.01"]
[Time "11:18:51"]
[PlyCount "99"]
[TimeControl "1200+5"]

1. e4 c5 2. Nf3 d6 3. h3 Nf6 4. Nc3 g6 5. Bc4 Bg7 6. O-O O-O 7. d3 Nc6 8.
Be3 a6 9. Nd5 Nxd5 10. Bxd5 Bxb2 11. Rb1 Bg7 12. d4 cxd4 13. Nxd4 Nxd4 14.
Bxd4 Bxd4 15. Qxd4 Rb8 16. f4 b5 17. f5 Qb6 18. Qxb6 Rxb6 19. fxg6 hxg6 20.
Rf3 Bb7 21. Bxb7 Rxb7 22. Ra3 Rb6 23. c4 b4 24. Ra4 Rfb8 25. Kf2 Kg7 26. Ke3
e5 27. Ra5 Rc8 28. Kd3 f5 29. exf5 gxf5 30. a3 b3 31. Kc3 Rcb8 32. Ra4 Kf6
33. Rb4 Kg5 34. R1xb3 Rxb4 35. axb4 Kf4 36. b5 axb5 37. cxb5 e4 38. b6 e3
39. Kd3 Kg3 40. Kxe3 Kxg2 41. Kf4 d5 42. Kxf5 d4 43. Ke4 d3 44. Kxd3 Kxh3
45. Kc4+ Kg4 46. Kc5 Kf5 47. Kc6 Ke6 48. Kc7 Re8 49. b7 Ke7 50. b8=Q
{Black resigns}
1-0

[Event "ICC tourney 2816 (20 5)"]
[Site "Internet Chess Club"]
[Date "2022.02.05"]
[Round "1"]
[White "BIRUDAVOLU, SATHVIK:Vikki24"]
[Black "DAWDA, MAADHAV:maadhavd"]
[Result "1/2-1/2"]
[ICCResult "Game drawn by repetition"]
[WhiteElo "1023"]
[BlackElo "856"]
[Opening "Giuoco Piano"]
[ECO "C50"]
[NIC "IG.02"]
[Time "11:17:44"]
[PlyCount "99"]
[TimeControl "1200+5"]

1. e4 e5 2. Nf3 Nc6 3. Bc4 Bc5 4. O-O Nf6 5. d3 h6 6. Nc3 d6 7. h3 O-O 8.
Re1 Be6 9. Bb3 Nd4 10. Nxd4 Bxd4 11. Be3 Bb6 12. Nd5 Nxd5 13. exd5 Bd7 14.
Bxb6 axb6 15. Qf3 f5 16. Kh1 Rf6 17. Rad1 Kh8 18. Kg1 Rg6 19. Kh2 c6 20. c4
b5 21. cxb5 cxb5 22. Rc1 Rc8 23. Rxc8 Qxc8 24. a3 Qe8 25. d4 e4 26. Qf4 Rf6
27. f3 Kg8 28. fxe4 fxe4 29. Qxe4 Qxe4 30. Rxe4 Bf5 31. Re7 Rf7 32. Re8+ Rf8
33. Re7 Rf7 34. Rxf7 Kxf7 35. Kg3 Kf6 36. h4 Bh7 37. Kf4 g5+ 38. hxg5+ hxg5+
39. Kf3 Bg8 40. g4 Bf7 41. Ba2 Bg8 42. b4 Bf7 43. Ke3 Be8 44. Kf3 Bf7 45.
Ke3 Be8 46. Kf3 Bf7 47. Ke3 Be8 48. Kf3 Bf7 49. Ke3 Be8 50. Kf3
{Game drawn by repetition}
1/2-1/2

[Event "ICC tourney 2816 (20 5)"]
[Site "Internet Chess Club"]
[Date "2022.02.05"]
[Round "1"]
[White "ASADI MORALES, KOROUSH OME:KoroushOme"]
[Black "ANAND VISWANATHAN:EmergingStar"]
[Result "0-1"]
[ICCResult "White resigns"]
[WhiteElo "863"]
[BlackElo "1023"]
[Opening "Philidor: exchange variation"]
[ECO "C41"]
[NIC "KP.08"]
[Time "11:18:01"]
[PlyCount "90"]
[TimeControl "1200+5"]

1. e4 e5 2. Nf3 d6 3. d4 exd4 4. Nxd4 Nf6 5. Nc3 c5 6. Nf3 Be7 7. Bc4 Be6 8.
Qd3 Bxc4 9. Qxc4 O-O 10. O-O Nc6 11. Bg5 Nd7 12. Bxe7 Qxe7 13. Nd5 Qd8 14.
Rfe1 Nde5 15. Nxe5 Nxe5 16. Qc3 Ng6 17. Rac1 Ne7 18. Nxe7+ Qxe7 19. Rcd1 b6
20. e5 dxe5 21. Rxe5 Qc7 22. Qe3 Qc6 23. h3 Rfe8 24. Rxe8+ Rxe8 25. Qd3 g6
26. Kf1 Qe6 27. b3 Qe5 28. c4 Qh2 29. f3 Qh1+ 30. Kf2 Qh2 31. Qd7 Qe5 32.
Qd2 Kg7 33. Re1 Qxe1+ 34. Qxe1 Rxe1 35. Kxe1 Kf6 36. Kf2 Kf5 37. h4 h5 38.
g3 g5 39. hxg5 Kxg5 40. Ke3 f5 41. a3 a6 42. a4 a5 43. Kf2 f4 44. gxf4+ Kxf4
45. Kg2 h4 {White resigns} 0-1

[Event "ICC tourney 2816 (20 5)"]
[Site "Internet Chess Club"]
[Date "2022.02.05"]
[Round "1"]
[White "WUDALI, PRANAV AVYAI:Pwudali"]
[Black "GAW, ZACHARY:zman-g"]
[Result "0-1"]
[ICCResult "White checkmated"]
[WhiteElo "834"]
[BlackElo "1013"]
[Opening "Queen's bishop game"]
[ECO "D00"]
[NIC "QP.08"]
[Time "11:18:33"]
[PlyCount "158"]
[TimeControl "1200+5"]

1. d4 d5 2. Bf4 Nf6 3. Nf3 Bf5 4. e3 e6 5. c3 Be7 6. Bd3 Ne4 7. Nbd2 O-O 8.
Qc2 Nxd2 9. Qxd2 Be4 10. Bxe4 dxe4 11. Ne5 Nd7 12. Nxd7 Qxd7 13. Qe2 Bd6 14.
Qg4 Bxf4 15. Qxf4 Qb5 16. Rb1 Qd3 17. Rd1 Qc2 18. O-O Rad8 19. Qxc7 Qxb2 20.
Qe5 Qxa2 21. Qxe4 Qd5 22. Qf4 Qf5 23. Qh4 Rd5 24. e4 Qh5 25. Qf4 Rg5 26. Rd3
Qg4 27. Qxg4 Rxg4 28. d5 Rxe4 29. d6 Rd8 30. Rc1 Kf8 31. c4 b6 32. c5 bxc5
33. h3 Rd4 34. Rxd4 cxd4 35. Rd1 Rxd6 36. Kf1 Ke7 37. Ke2 e5 38. Kd3 Kf6 39.
Ke4 a5 40. Ra1 d3 41. Rd1 Rd4+ 42. Ke3 a4 43. g3 a3 44. f4 a2 45. h4 Ke6 46.
g4 d2 47. Ke2 exf4 48. g5 f3+ 49. Kf2 a1=Q 50. Rxa1 d1=Q 51. Rxd1 Rxd1 52.
Kxf3 Rh1 53. Kg4 Rg1+ 54. Kh3 Ra1 55. Kg4 Ra8 56. Kf4 h6 57. gxh6 gxh6 58.
Kg4 Ra4+ 59. Kh5 f5 60. Kxh6 Rxh4+ 61. Kg5 Rg4+ 62. Kh5 Ra4 63. Kg5 f4 64.
Kg4 Ke5 65. Kf3 Ra3+ 66. Kf2 f3 67. Kg3 Ke4 68. Kf2 Ra2+ 69. Kg3 Rg2+ 70.
Kh3 Rg8 71. Kh2 f2 72. Kh1 f1=Q+ 73. Kh2 Rg2+ 74. Kh3 Qf3+ 75. Kh4 Rh2+ 76.
Kg5 Rh5+ 77. Kg6 Qf5+ 78. Kg7 Rh7+ 79. Kg8 Qf7# {White checkmated} 0-1

[Event "ICC tourney 2816 (20 5)"]
[Site "Internet Chess Club"]
[Date "2022.02.05"]
[Round "1"]
[White "GAW, CHRISTIAN:cman-g"]
[Black "WU, DARREN:chessboy111"]
[Result "0-1"]
[ICCResult "White forfeits on time"]
[WhiteElo "979"]
[BlackElo "724"]
[Opening "Giuoco Piano"]
[ECO "C50"]
[NIC "IG.02"]
[Time "11:18:08"]
[PlyCount "138"]
[TimeControl "1200+5"]

1. e4 e5 2. Nf3 Nc6 3. Bc4 Bc5 4. O-O Nf6 5. d3 h6 6. Nbd2 O-O 7. Re1 d6 8.
h3 Na5 9. Nf1 Nxc4 10. dxc4 Be6 11. b3 Bb6 12. Be3 Qd7 13. Kh2 Rad8 14. Ng3
Rfe8 15. Qd2 Bxe3 16. Qxe3 b6 17. Rad1 Qe7 18. a4 Qf8 19. Re2 Nd7 20. Nd2 a5
21. Nf5 Bxf5 22. exf5 Nf6 23. Ne4 Qe7 24. Rd3 Rd7 25. Qg3 Nxe4 26. Rxe4 Qf6
27. Rg4 e4 28. Re3 Rde7 29. Qf4 Qe5 30. Qxe5 Rxe5 31. f6 g6 32. Kg3 h5 33.
Rf4 Kh7 34. h4 Kh6 35. Kh3 c5 36. g4 hxg4+ 37. Kxg4 R8e6 38. Re2 e3 39. fxe3
Rxe3 40. Rxe3 Rxe3 41. Rf2 Rc3 42. Rd2 Kh7 43. Rxd6 Rxc2 44. Rxb6 Rg2+ 45.
Kh3 Ra2 46. Rb5 Ra3 47. Rxa5 Rxb3+ 48. Kg2 Rb2+ 49. Kf3 Rb3+ 50. Kg4 Rb4 51.
Rxc5 Rxa4 52. Kg5 Ra3 53. Kf4 Ra4 54. Rb5 Rxc4+ 55. Kg5 Re4 56. Rb7 Kg8 57.
h5 Re5+ 58. Kg4 Rxh5 59. Rb8+ Kh7 60. Rb7 Kg8 61. Rb8+ Kh7 62. Rf8 Rf5 63.
Rxf7+ Kh6 64. Rf8 Kh7 65. f7 Kg7 66. Rg8+ Kxf7 67. Rh8 Ke6 68. Rh6 Kf6 69.
Rh8 Ke5 {White forfeits on time} 0-1

[Event "ICC tourney 2816 (20 5)"]
[Site "Internet Chess Club"]
[Date "2022.02.05"]
[Round "2"]
[White "ANAND VISWANATHAN:EmergingStar"]
[Black "HONG, HUNTER:hunterhong"]
[Result "1-0"]
[ICCResult "Black checkmated"]
[WhiteElo "1023"]
[BlackElo "947"]
[Opening "Ruy Lopez: old Steinitz defense"]
[ECO "C62"]
[NIC "RL.02"]
[Time "12:31:05"]
[PlyCount "109"]
[TimeControl "1200+5"]

1. e4 e5 2. Nf3 Nc6 3. Bb5 d6 4. Bxc6+ bxc6 5. d4 Nf6 6. dxe5 dxe5 7. Qxd8+
Kxd8 8. Nxe5 Bb7 9. Nxf7+ Ke8 10. Nxh8 Nxe4 11. O-O Bc5 12. Nd2 Nxd2 13.
Bxd2 Kf8 14. Be3 Bd6 15. b4 Ke7 16. Ng6+ hxg6 17. Bc5 Rh8 18. Bxd6+ cxd6 19.
Rfe1+ Kd7 20. Rad1 Rh4 21. a3 Rg4 22. f3 Rg5 23. Re2 c5 24. bxc5 Bxf3 25.
Rxd6+ Kc7 26. Re7+ Kc8 27. g3 Rxc5 28. Rd2 Rc3 29. Rxg7 Rxa3 30. Kf2 Be4 31.
Rf7 Ra2 32. Ke3 Bxc2 33. Rdd7 Bf5 34. Rxa7 Rxa7 35. Rxa7 Kd8 36. Kf4 Ke8 37.
g4 Bd3 38. Kg5 Kf8 39. Kf6 Be4 40. Rc7 Kg8 41. Rg7+ Kh8 42. Rxg6 Bxg6 43.
Kxg6 Kg8 44. g5 Kh8 45. h4 Kg8 46. h5 Kh8 47. h6 Kg8 48. Kf6 Kh8 49. g6 Kg8
50. g7 Kh7 51. Kf7 Kxh6 52. g8=Q Kh5 53. Kf6 Kh4 54. Qg2 Kh5 55. Qh3#
{Black checkmated}
1-0

[Event "ICC tourney 2816 (20 5)"]
[Site "Internet Chess Club"]
[Date "2022.02.05"]
[Round "2"]
[White "XIA, CHENXIANG:tery0310"]
[Black "ASADI MORALES, KOROUSH OME:KoroushOme"]
[Result "1-0"]
[ICCResult "Black checkmated"]
[WhiteElo "1077"]
[BlackElo "863"]
[Opening "Nimzo-Indian: Spielmann variation"]
[ECO "E22"]
[NIC "NI.30"]
[Time "12:30:37"]
[PlyCount "73"]
[TimeControl "1200+5"]

1. d4 Nf6 2. c4 e6 3. Nc3 Bb4 4. Qb3 Bxc3+ 5. Qxc3 d5 6. cxd5 Nxd5 7. Qd3
Nc6 8. e3 b6 9. Qb3 Na5 10. Qa3 Bb7 11. Nf3 Nc6 12. Bb5 f6 13. e4 Ne7 14.
Qc3 O-O 15. Bc4 Qd7 16. O-O Rac8 17. Be3 Na5 18. Bd3 Rfd8 19. Bc2 Ba6 20.
Rfd1 Nc4 21. Bb3 Nxe3 22. fxe3 Be2 23. Rd2 Bxf3 24. gxf3 Kh8 25. Kf2 Qd6 26.
Kg1 e5 27. Rad1 Rf8 28. dxe5 Qxe5 29. Qxe5 fxe5 30. Kf2 Ng6 31. Be6 Rce8 32.
Bf5 Nh4 33. Bg4 Re7 34. Rd7 Ref7 35. Rxf7 Rxf7 36. Rd8+ Rf8 37. Rxf8#
{Black checkmated}
1-0

[Event "ICC tourney 2816 (20 5)"]
[Site "Internet Chess Club"]
[Date "2022.02.05"]
[Round "2"]
[White "WU, DARREN:chessboy111"]
[Black "ASHOK, AMUDHAN:amudhanashok"]
[Result "1-0"]
[ICCResult "Black resigns"]
[WhiteElo "724"]
[BlackElo "963"]
[Opening "Scotch opening"]
[ECO "C44"]
[NIC "KP.10"]
[Time "12:32:01"]
[PlyCount "87"]
[TimeControl "1200+5"]

1. e4 e5 2. Nf3 Nc6 3. d4 d6 4. d5 Nce7 5. c4 Nf6 6. Nc3 c5 7. Bd3 g6 8. h3
Bg7 9. Be3 O-O 10. O-O Bd7 11. Qd2 b6 12. Rfe1 Qc8 13. Rad1 Bxh3 14. gxh3
Qxh3 15. Nh2 Ng4 16. Nxg4 Qxg4+ 17. Kf1 Qh3+ 18. Ke2 Qg4+ 19. f3 Qg2+ 20.
Bf2 Qh3 21. Rh1 Qd7 22. Rh2 f6 23. Rdh1 h5 24. Kd1 f5 25. Kc2 fxe4 26. Bxe4
Nf5 27. Qg5 Rf6 28. Bxf5 Qxf5+ 29. Qxf5 Rxf5 30. Rh3 Re8 31. Rg1 e4 32. Nxe4
Rd8 33. Rg5 Rf4 34. Rxg6 Re8 35. Rhg3 Rexe4 36. Rxg7+ Kf8 37. fxe4 Rxf2+ 38.
Kb3 Rf4 39. Rg8+ Kf7 40. R3g7+ Kf6 41. Rf8+ Ke5 42. Re7+ Kd4 43. Rxf4 Ke3
44. Rh4 {Black resigns} 1-0

[Event "ICC tourney 2816 (20 5)"]
[Site "Internet Chess Club"]
[Date "2022.02.05"]
[Round "2"]
[White "Gomorev, Tim:timmygm"]
[Black "GAW, CHRISTIAN:cman-g"]
[Result "1-0"]
[ICCResult "Black forfeits on time"]
[WhiteElo "1083"]
[BlackElo "979"]
[Opening "QGD: 4.Bg5 Be7"]
[ECO "D53"]
[NIC "QO.13"]
[Time "12:30:38"]
[PlyCount "81"]
[TimeControl "1200+5"]

1. d4 d5 2. c4 e6 3. Nc3 Nf6 4. Bg5 Be7 5. cxd5 exd5 6. Nf3 O-O 7. e3 a6 8.
Bd3 h6 9. Bxf6 Bxf6 10. O-O c6 11. Qc2 g6 12. Rae1 Be6 13. Na4 Nd7 14. Bxg6
Bg7 15. Bd3 Nf6 16. Nc5 b6 17. Nxa6 Bc8 18. Nb4 Qc7 19. a3 c5 20. dxc5 bxc5
21. Rc1 Ra7 22. Rfe1 Be6 23. e4 dxe4 24. Bxe4 Rc8 25. Qd3 Rd8 26. Qb5 Rb8
27. Qxc5 Qxc5 28. Rxc5 Kf8 29. Nc6 Rc7 30. Rec1 Rbc8 31. Bd3 Ke8 32. Ba6 Ra8
33. Nb4 Rxc5 34. Rxc5 Kd7 35. Bb5+ Kd6 36. Rc6+ Ke7 37. Rc7+ Kd6 38. Rc1 Ke7
39. Nc6+ Kd6 40. Nfe5 Kd5 41. f3 {Black forfeits on time} 1-0

[Event "ICC tourney 2816 (20 5)"]
[Site "Internet Chess Club"]
[Date "2022.02.05"]
[Round "2"]
[White "GAW, ZACHARY:zman-g"]
[Black "SUNDARAM, KAVIN:weirdchicken"]
[Result "0-1"]
[ICCResult "White forfeits on time"]
[WhiteElo "1013"]
[BlackElo "882"]
[Opening "Scandinavian (center counter) defense"]
[ECO "B01"]
[NIC "SD.01"]
[Time "12:30:28"]
[PlyCount "70"]
[TimeControl "1200+5"]

1. e4 d5 2. exd5 Qxd5 3. Nc3 Qa5 4. Bc4 Bf5 5. Nf3 e6 6. O-O Nf6 7. Re1 c6
8. d3 Nbd7 9. Bf4 Qb4 10. Qd2 b5 11. Bb3 Bc5 12. Bc7 O-O 13. h3 Bb6 14. a3
Qc5 15. Bf4 Nd5 16. Nxd5 cxd5 17. Be3 Qd6 18. Bf4 Qc5 19. d4 Qc6 20. Re3 Qb7
21. Bd6 Rfe8 22. Rae1 Nf6 23. Be5 Ne4 24. Qc1 a5 25. Ba2 Rac8 26. c3 h6 27.
Nh4 Bh7 28. Qd1 Qe7 29. Qg4 f6 30. Bf4 Bd8 31. Bxh6 Qf7 32. Rf3 f5 33. Qf4
Bxh4 34. Qxh4 gxh6 35. Qxh6 Qg6 {White forfeits on time} 0-1

[Event "ICC tourney 2816 (20 5)"]
[Site "Internet Chess Club"]
[Date "2022.02.05"]
[Round "3"]
[White "HONG, HUNTER:hunterhong"]
[Black "XIA, CHENXIANG:tery0310"]
[Result "0-1"]
[ICCResult "White checkmated"]
[WhiteElo "947"]
[BlackElo "1077"]
[Opening "Giuoco Piano"]
[ECO "C50"]
[NIC "IG.02"]
[Time "14:00:34"]
[PlyCount "70"]
[TimeControl "1200+5"]

1. e4 e5 2. Nf3 Nc6 3. Bc4 Bc5 4. O-O h6 5. Nc3 Nf6 6. d3 d6 7. h3 O-O 8.
Be3 Bxe3 9. fxe3 Na5 10. Bb3 Bd7 11. Nh4 Nh7 12. Qf3 Qxh4 13. Bxf7+ Kh8 14.
Nd5 Ng5 15. Qe2 Rxf7 16. Rxf7 Nxf7 17. Rf1 Ng5 18. Ne7 Kh7 19. Qd2 Nc6 20.
Nf5 Bxf5 21. exf5 Qg3 22. e4 Nxh3+ 23. Kh1 Nf4 24. Rf3 Qh4+ 25. Kg1 Nd4 26.
Re3 Qg5 27. g3 Nfe2+ 28. Kf2 Nxg3 29. Qc3 Qf4+ 30. Kg2 Qxe3 31. Qxc7 Ngxf5
32. exf5 Qf3+ 33. Kh2 Ne2 34. Qc4 Qg3+ 35. Kh1 Qg1# {White checkmated} 0-1

[Event "ICC tourney 2816 (20 5)"]
[Site "Internet Chess Club"]
[Date "2022.02.05"]
[Round "3"]
[White "Gomorev, Tim:timmygm"]
[Black "WU, DARREN:chessboy111"]
[Result "1-0"]
[ICCResult "Black checkmated"]
[WhiteElo "1083"]
[BlackElo "724"]
[Opening "QGD: 4.Bg5 Be7"]
[ECO "D53"]
[NIC "QO.13"]
[Time "14:00:32"]
[PlyCount "125"]
[TimeControl "1200+5"]

1. d4 d5 2. c4 e6 3. Nc3 Nf6 4. Bg5 Be7 5. cxd5 exd5 6. Nf3 Bf5 7. e3 O-O 8.
Bd3 Bg6 9. O-O c5 10. dxc5 Bxc5 11. Bxg6 hxg6 12. Bxf6 gxf6 13. Qxd5 Qxd5
14. Nxd5 Nd7 15. Rac1 Rac8 16. b4 Bd6 17. Nd4 a6 18. g3 Kg7 19. Nf4 Ne5 20.
a3 Nc4 21. Rc3 Nb6 22. Rxc8 Rxc8 23. Rd1 Be5 24. Nd3 Bxd4 25. exd4 Nc4 26.
Rc1 Rc6 27. a4 Nd6 28. Rxc6 bxc6 29. Nc5 Nc4 30. Nxa6 Nb6 31. Nc5 Kf8 32. b5
cxb5 33. axb5 Ke7 34. Kf1 Kd6 35. Ke2 Kd5 36. Kd3 f5 37. f4 f6 38. h4 Nc4
39. Na4 Nd6 40. b6 Nb7 41. Nc5 Kc6 42. Nxb7 Kxb7 43. Kc4 Kxb6 44. Kd5 Kc7
45. Ke6 Kc6 46. Kxf6 Kd5 47. Kxg6 Ke4 48. h5 Kxd4 49. h6 Ke4 50. h7 Kf3 51.
Kxf5 Kxg3 52. h8=Q Kf3 53. Qh3+ Ke2 54. Qg3 Kd2 55. Qf3 Kc2 56. Qe3 Kb2 57.
Qd3 Ka2 58. Qc3 Kb1 59. Qd2 Ka1 60. Ke4 Kb1 61. Kd4 Ka1 62. Kc3 Kb1 63. Qb2#
{Black checkmated}
1-0

[Event "ICC tourney 2816 (20 5)"]
[Site "Internet Chess Club"]
[Date "2022.02.05"]
[Round "3"]
[White "SUNDARAM, KAVIN:weirdchicken"]
[Black "ANAND VISWANATHAN:EmergingStar"]
[Result "0-1"]
[ICCResult "White checkmated"]
[WhiteElo "882"]
[BlackElo "1023"]
[Opening "Philidor's defense"]
[ECO "C41"]
[NIC "KP.10"]
[Time "14:01:55"]
[PlyCount "130"]
[TimeControl "1200+5"]

1. e4 e5 2. Nf3 d6 3. Bc4 Be7 4. d3 Nf6 5. Nc3 O-O 6. Be3 Nc6 7. Bd5 Nxd5 8.
Nxd5 Bg4 9. h3 Bxf3 10. Qxf3 Qd7 11. Qg3 Kh8 12. O-O-O Bd8 13. Qg4 Qxg4 14.
hxg4 Ne7 15. Rh3 Nxd5 16. exd5 f6 17. Rdh1 h6 18. Rf3 Be7 19. Kd2 Rf7 20. g5
f5 21. gxh6 f4 22. hxg7+ Kxg7 23. Rhh3 fxe3+ 24. Kxe3 Rxf3+ 25. Rxf3 Bg5+
26. Ke4 Rf8 27. Rg3 Rf4+ 28. Ke3 Rg4+ 29. Kf3 Rxg3+ 30. Kxg3 Bc1 31. b3 Kf6
32. Kf3 Kf5 33. c4 c6 34. dxc6 bxc6 35. g3 Ke6 36. Ke4 d5+ 37. cxd5+ cxd5+
38. Kf3 Kd6 39. g4 Kc5 40. Ke2 Kb4 41. Kd1 Bf4 42. Kc2 a6 43. a4 a5 44. Kb2
e4 45. dxe4 dxe4 46. Kc2 Bg5 47. Kb2 Bf6+ 48. Kc2 Ka3 49. g5 Bxg5 50. Kc3 e3
51. fxe3 Bxe3 52. Kc4 Bd2 53. Kd3 Bb4 54. Kc2 Ka2 55. Kc1 Kxb3 56. Kb1 Kxa4
57. Ka2 Kb5 58. Kb3 a4+ 59. Ka2 Kc4 60. Kb2 a3+ 61. Ka2 Kc3 62. Kb1 Kb3 63.
Ka1 Ba5 64. Kb1 a2+ 65. Ka1 Bc3# {White checkmated} 0-1

[Event "ICC tourney 2816 (20 5)"]
[Site "Internet Chess Club"]
[Date "2022.02.05"]
[Round "3"]
[White "BIRUDAVOLU, SATHVIK:Vikki24"]
[Black "WUDALI, PRANAV AVYAI:Pwudali"]
[Result "0-1"]
[ICCResult "White forfeits on time"]
[WhiteElo "1023"]
[BlackElo "834"]
[Opening "Scandinavian (center counter) defense"]
[ECO "B01"]
[NIC "VO.17"]
[Time "14:00:20"]
[PlyCount "66"]
[TimeControl "1200+5"]

1. e4 d5 2. e5 Nc6 3. d4 f6 4. exf6 exf6 5. Nc3 Bf5 6. a3 Qd7 7. Bf4 O-O-O
8. Qd2 Bd6 9. Bxd6 Qxd6 10. O-O-O Nh6 11. h3 Rhe8 12. Nf3 g5 13. Kb1 g4 14.
hxg4 Nxg4 15. Re1 Rxe1+ 16. Qxe1 Bg6 17. Rh4 Re8 18. Qd2 Bf5 19. Bb5 a6 20.
Bxc6 Qxc6 21. Qf4 Qe6 22. Qd2 Be4 23. Nxe4 dxe4 24. d5 e3 25. fxe3 Qxe3 26.
Rxg4 Qc5 27. Rg7 Rd8 28. Rxh7 Rxd5 29. Qe2 Qd6 30. Qe8+ Qd8 31. Qe6+ Rd7 32.
Rh6 Kb8 33. Rxf6 Rd6 {White forfeits on time} 0-1

[Event "ICC tourney 2816 (20 5)"]
[Site "Internet Chess Club"]
[Date "2022.02.05"]
[Round "3"]
[White "ASHOK, AMUDHAN:amudhanashok"]
[Black "GAW, CHRISTIAN:cman-g"]
[Result "1-0"]
[ICCResult "Black forfeits on time"]
[WhiteElo "963"]
[BlackElo "979"]
[Opening "Giuoco Piano"]
[ECO "C54"]
[NIC "IG.02"]
[Time "14:00:28"]
[PlyCount "71"]
[TimeControl "1200+5"]

1. e4 e5 2. Nf3 Nc6 3. Bc4 Bc5 4. c3 Nf6 5. d3 h6 6. O-O O-O 7. Nbd2 d6 8.
Re1 Be6 9. Bb3 Qd7 10. h3 Rfe8 11. Nf1 Rad8 12. Ng3 Re7 13. Nh4 a6 14. Qf3
Bxb3 15. axb3 Nh7 16. Ngf5 Re6 17. Qg3 g5 18. Nf3 Rg6 19. h4 gxh4 20. Qxh4
Qe6 21. Nxh6+ Kf8 22. Nf5 Ke8 23. Qxh7 Kd7 24. b4 Ba7 25. N3h4 Rf6 26. Bg5
Rxf5 27. exf5 Qe8 28. d4 Rc8 29. dxe5 dxe5 30. Rad1+ Nd4 31. cxd4 Kc6 32.
Qh6+ Kb5 33. Ra1 Kxb4 34. Bd2+ Kb5 35. Rec1 Bxd4 36. b4 {Black forfeits on
time} 1-0

[Event "ICC tourney 2816 (20 5)"]
[Site "Internet Chess Club"]
[Date "2022.02.05"]
[Round "3"]
[White "DAWDA, MAADHAV:maadhavd"]
[Black "GAW, ZACHARY:zman-g"]
[Result "1-0"]
[ICCResult "Black checkmated"]
[WhiteElo "856"]
[BlackElo "1013"]
[Opening "Giuoco Pianissimo"]
[ECO "C50"]
[NIC "IG.02"]
[Time "14:00:24"]
[PlyCount "137"]
[TimeControl "1200+5"]

1. e4 e5 2. Nf3 Nc6 3. Bc4 Bc5 4. d3 h6 5. O-O Nf6 6. Be3 Bb6 7. Bb5 O-O 8.
Bxc6 dxc6 9. Nxe5 Re8 10. Nf3 Bg4 11. Nbd2 Qd7 12. h3 Bh5 13. a4 Re6 14. a5
Bxe3 15. fxe3 Nh7 16. Qc1 Qc8 17. Nd4 Rg6 18. Kh2 Qd8 19. N2f3 Bxf3 20. Nxf3
f6 21. Kh1 Qd6 22. Nh4 Rg5 23. Nf5 Qe5 24. Qb1 g6 25. Nxh6+ Kg7 26. Ng4 Qg3
27. Qe1 Qd6 28. Qc3 Re8 29. Rf3 Re6 30. Raf1 Qf8 31. Qb3 Rd6 32. Qxb7 Rd7
33. Qxc6 Rf7 34. Qc3 Rc5 35. Qb3 Rg5 36. Qb7 Qc5 37. Qb3 Rd7 38. Qc3 Qxc3
39. bxc3 Rf7 40. e5 f5 41. e4 f4 42. Rxf4 Rxf4 43. Rxf4 Nf8 44. Nf6 Kh8 45.
d4 Kg7 46. h4 Rg3 47. Rf3 Rxf3 48. gxf3 Kh6 49. Kg2 g5 50. hxg5+ Kxg5 51.
Kg3 Ne6 52. Nd5 c6 53. Nb4 Kg6 54. Nxc6 a6 55. Nb8 Nc7 56. d5 Ne8 57. Nxa6
Kf7 58. Nc5 Nc7 59. a6 Na8 60. Kf4 Ke7 61. d6+ Ke8 62. e6 Nb6 63. a7 Kd8 64.
Kg5 Ke8 65. Kf6 Na8 66. d7+ Kd8 67. e7+ Kc7 68. e8=Q Nb6 69. d8=Q#
{Black checkmated}
1-0

[Event "ICC tourney 2816 (20 5)"]
[Site "Internet Chess Club"]
[Date "2022.02.05"]
[Round "4"]
[White "WU, DARREN:chessboy111"]
[Black "SUNDARAM, KAVIN:weirdchicken"]
[Result "1-0"]
[ICCResult "Black checkmated"]
[WhiteElo "724"]
[BlackElo "882"]
[Opening "Scandinavian (center counter) defense"]
[ECO "B01"]
[NIC "SD.01"]
[Time "15:30:11"]
[PlyCount "85"]
[TimeControl "1200+5"]

1. e4 d5 2. exd5 Qxd5 3. Nc3 Qa5 4. d4 c6 5. Bc4 Bf5 6. Bf4 e6 7. Nf3 Nf6 8.
O-O Ba3 9. bxa3 Qxc3 10. Bb3 O-O 11. Bd2 Qb2 12. Bb4 Bg4 13. Rb1 Bxf3 14.
gxf3 Qxb3 15. Rxb3 Rd8 16. c4 Na6 17. Bc3 b6 18. Qe2 c5 19. Rd1 Rdc8 20.
Rbb1 Nh5 21. dxc5 Nxc5 22. Bb4 Na6 23. Rd4 Nb8 24. Rh4 Nf6 25. Qd3 g6 26.
Bc3 Nh5 27. Qd4 f6 28. Rxh5 gxh5 29. Qxf6 Nd7 30. Qh8+ Kf7 31. Qxh7+ Ke8 32.
Rd1 Rd8 33. Qxh5+ Ke7 34. Bb4+ Kf6 35. Qh6+ Kf7 36. Rd6 Rg8+ 37. Kh1 Nf8 38.
Qf4+ Kg7 39. Rd1 Ng6 40. Rg1 Kh7 41. Qf7+ Kh6 42. Bd2+ Kh5 43. Qh7#
{Black checkmated}
1-0

[Event "ICC tourney 2816 (20 5)"]
[Site "Internet Chess Club"]
[Date "2022.02.05"]
[Round "4"]
[White "ASHOK, AMUDHAN:amudhanashok"]
[Black "WUDALI, PRANAV AVYAI:Pwudali"]
[Result "0-1"]
[ICCResult "White checkmated"]
[WhiteElo "963"]
[BlackElo "834"]
[Opening "Scandinavian (center counter) defense"]
[ECO "B01"]
[NIC "VO.17"]
[Time "15:31:16"]
[PlyCount "50"]
[TimeControl "1200+5"]

1. e4 d5 2. d3 Nc6 3. Be3 Nf6 4. Nf3 dxe4 5. Nfd2 exd3 6. cxd3 e5 7. Nc3 Nb4
8. a3 Nxd3+ 9. Bxd3 Qxd3 10. Rc1 Bg4 11. Qa4+ c6 12. h3 Bf5 13. Qb3 Be6 14.
Qxb7 Rd8 15. Qxc6+ Bd7 16. Qb7 Be7 17. Qxa7 O-O 18. Qa5 Rb8 19. b4 Bb5 20.
a4 Bc4 21. Qxe5 Bxb4 22. Kd1 Bxc3 23. Rxc3 Qe2+ 24. Kc2 Rfc8 25. Rc1 Bd3#
{White checkmated}
0-1

[Event "ICC tourney 2816 (20 5)"]
[Site "Internet Chess Club"]
[Date "2022.02.05"]
[Round "4"]
[White "ANAND VISWANATHAN:EmergingStar"]
[Black "Gomorev, Tim:timmygm"]
[Result "1-0"]
[ICCResult "Black checkmated"]
[WhiteElo "1023"]
[BlackElo "1083"]
[Opening "Sicilian: Canal-Sokolsky attack, 3...Bd7"]
[ECO "B52"]
[NIC "SI.01"]
[Time "15:30:25"]
[PlyCount "109"]
[TimeControl "1200+5"]

1. e4 c5 2. Nf3 d6 3. Bb5+ Bd7 4. Bxd7+ Nxd7 5. O-O Ngf6 6. d3 g6 7. Nc3 Bg7
8. Bf4 O-O 9. Qd2 Nb6 10. Bh6 c4 11. Bxg7 Kxg7 12. Qe3 cxd3 13. cxd3 Qd7 14.
e5 Ng4 15. Qe4 dxe5 16. Nxe5 Nxe5 17. Qxe5+ f6 18. Qe4 Rad8 19. a3 Rfe8 20.
Rad1 Nd5 21. Nxd5 Qxd5 22. Qxd5 Rxd5 23. Rfe1 e5 24. f3 Red8 25. Re3 f5 26.
g3 Kf6 27. Kf2 g5 28. Ke2 f4 29. gxf4 gxf4 30. Re4 Rb5 31. Rd2 Rg8 32. Kf2
h5 33. d4 exd4 34. Rxf4+ Ke5 35. Re4+ Kf5 36. Rexd4 h4 37. Rxh4 Rg5 38. Rb4
Rxb4 39. axb4 Kf4 40. Rd4+ Ke5 41. f4+ Kxd4 42. fxg5 Ke5 43. h4 Kf5 44. Kg3
Kg6 45. Kg4 b5 46. h5+ Kh7 47. Kf5 Kg7 48. b3 Kf7 49. h6 Kg8 50. Kg6 Kh8 51.
Kf7 Kh7 52. g6+ Kxh6 53. g7 a5 54. g8=Q a4 55. Qg6# {Black checkmated} 1-0

[Event "ICC tourney 2816 (20 5)"]
[Site "Internet Chess Club"]
[Date "2022.02.05"]
[Round "4"]
[White "ASADI MORALES, KOROUSH OME:KoroushOme"]
[Black "BIRUDAVOLU, SATHVIK:Vikki24"]
[Result "0-1"]
[ICCResult "White resigns"]
[WhiteElo "863"]
[BlackElo "1023"]
[Opening "Evans gambit"]
[ECO "C51"]
[NIC "IG.05"]
[Time "15:30:09"]
[PlyCount "70"]
[TimeControl "1200+5"]

1. e4 e5 2. Nf3 Nc6 3. Bc4 Bc5 4. b4 Bxb4 5. c3 Bc5 6. d4 exd4 7. O-O h6 8.
cxd4 Bb6 9. Nc3 Nge7 10. Ba3 d6 11. Rb1 O-O 12. Qd3 Bg4 13. h3 Bxf3 14. Qxf3
Nxd4 15. Qd3 Ng6 16. Nd5 Ne5 17. Qc3 Bc5 18. Bxc5 dxc5 19. Rxb7 c6 20. Ne7+
Kh8 21. Kh1 Re8 22. Nf5 Nxf5 23. exf5 Nxc4 24. Qxc4 Qd5 25. Qxd5 cxd5 26.
Rxf7 Rf8 27. Rc7 c4 28. g4 Rfc8 29. Rd7 Rd8 30. Re7 Rac8 31. Rd1 d4 32. Rxa7
c3 33. Ra3 c2 34. Rc1 d3 35. Kg2 d2 {White resigns} 0-1